Construct Section Command Post
Selects Heavy Armor Battlegroup
Construct Platoon Command Post
Unlock M3 Stuart Light Tanks
Unlock Bishop Self-propelled Artillery
Selects Rigorous Vehicle Training
Selects Forward Repair Assembly
Bishop Self-propelled Artillery
6-pounder Anti-tank Gun Team
Construct Company Command Post
Selects Churchill Black Prince Heavy Tank
Churchill Black Prince Heavy Tank
Selects Light Vehicle Withdraw and Refit